 Dungeon Crawl Stone Soup version 0.31-a0-246-g8cbcc1cb85 (webtiles) character file.

Game seed: 17913933474081981574

3142 Vomitron the Covert (level 9, -9/51 HPs)
             Began as an Octopode Conjurer on July 12, 2023.
             Was a Follower of Dithmenos.
             Mangled by a komodo dragon (16 damage)
             ... on level 8 of the Dungeon.
             The game lasted 00:18:07 (8669 turns).

Vomitron the Covert (Octopode Conjurer)             Turns: 8669, Time: 00:18:07

Health: -9/51      AC:  1    Str: 19    XL:     9   Next: 93%
Magic:  3/18       EV: 12    Int: 24    God:    Dithmenos [*.....]
Gold:   405        SH:  3    Dex: 10    Spells: 3/20 levels left

rFire   . . .        n - +4 dagger
rCold   . . .        w - +0 buckler
rNeg    . . .        (helmet restricted)
rPois   .            (no amulet)
rElec   .            t - +6 ring of strength
rCorr   .            u - +6 ring of strength
SInv    .            (no ring)
Will    .....        (no ring)
Stlth   +++++        (no ring)
HPRegen 0.28/turn    (no ring)
MPRegen 0.16/turn    (no ring)
                     (no ring)

%: no passive effects
@: wreathed by umbra
A: almost no armour, amphibious, 8 rings, camouflage 1, gelatinous body 1,
(nimble swimmer 1), tentacles
a: Renounce Religion


You were on level 8 of the Dungeon.
You worshipped Dithmenos.
Dithmenos was aware of your devotion.
You visited 2 branches of the dungeon, and saw 9 of its levels.

You collected 405 gold pieces.

Inventory:

Hand Weapons
 d - a +0 dagger
 n - a +4 dagger (weapon)
Armour
 w - a +0 buckler (worn)
Magical Staves
 m - a staff of fire
 y - a staff of cold
Jewellery
 t - a +6 ring of strength (left tentacle)
 u - a +6 ring of strength (right tentacle)
 x - a +5 ring of evasion
Wands
 i - a wand of mindburst (14)
 k - a wand of paralysis (7)
 p - a wand of roots (10)
Scrolls
 e - 2 scrolls of teleportation
 g - a scroll of enchant weapon
 z - a scroll of identify
Potions
 a - a potion of magic
 b - a potion of berserk rage {unknown}
 c - 2 potions of haste
 f - 4 potions of heal wounds
 h - 2 potions of mutation {unknown}
 j - 3 potions of curing
 l - 2 potions of might
 o - 2 potions of invisibility
 q - 2 potions of degeneration
 r - 2 potions of lignification
 s - a potion of brilliance {unknown}
 v - a potion of attraction {unknown}


   Skills:
 - Level 2.0 Dodging
 - Level 8.3 Stealth
 + Level 6.0 Spellcasting
 + Level 8.0 Conjurations
 + Level 5.3 Hexes
 + Level 2.4 Translocations
 + Level 5.1 Earth Magic


You had 3 spell levels left.
You knew the following spells:

 Your Spells              Type           Power      Damage    Failure   Level
a - Magic Dart            Conj           100%       1d8       1%          1
b - Searing Ray           Conj           90%        2d7       1%          2
c - Blink                 Tloc           38%        N/A       5%          2
d - Fulminant Prism       Conj/Hex       19%        3d10      6%          4
e - Stone Arrow           Conj/Erth      76%        3d11      1%          3
f - Shock                 Conj/Air       100%       1d9       1%          1
g - Iskenderun's Mystic   Conj/Tloc      32%        2d8       12%         4

Your spell library contained the following spells:

 Spells                   Type           Power      Damage    Failure   Level
 Momentum Strike          Conj/Tloc      64%        3d9       1%          2
 Dazzling Flash           Conj/Hex       78%        N/A       1%          3
 Apportation              Tloc           38%        N/A       3%          1
 Static Discharge         Conj/Air       52%        2-5/arc   3%          2
 Tukima's Dance           Hex            33%        N/A       3%          3
 Lesser Beckoning         Tloc           38%        N/A       5%          2
 Hailstorm                Conj/Ice       26%        3d7       6%          3
 Portal Projectile        Hex/Tloc       52%        N/A       6%          3
 Gell's Gravitas          Tloc           19%        N/A       11%         3
 Vhi's Electric Charge    Tloc/Air       26%        N/A       19%         3
 Call Canine Familiar     Summ           7%         N/A       30%         3
 Leda's Liquefaction      Hex/Erth       16%        N/A       12%         4
 Arcjolt                  Conj/Air       13%        1d23      47%         5
 Airstrike                Air            3%         2d(1-17)  69%         4
 Summon Lightning Spire   Summ/Air       7%         N/A       69%         4
 Plasma Beam              Fire/Air       3%         2x1d13    100%        6
 Dragon's Call            Summ           3%         N/A       100%        9


Dungeon Overview and Level Annotations

Branches:
Dungeon (8/15)             Temple (1/1) D:6
   Lair: D:8-11

Altars:
Ashenzari
Dithmenos
Elyvilon
Fedhas
Gozag
Hepliaklqana
Kikubaaqudgha
Makhleb
Nemelex Xobeh
Okawaru
Qazlal
Ru
Sif Muna
Trog
Uskayaw
Vehumet
Wu Jian
Xom
Yredelemnul
Zin

Shops:
D:5 =   D:7 :?!(


Innate Abilities, Weirdness & Mutations

You cannot wear most types of armour.
You are amphibious.
You can wear up to eight rings at the same time.
Your skin changes colour to match your surroundings (Stealth+).
Your rubbery body absorbs attacks. (AC +1, EV +1)
((You are camouflaged when in or above water. (Stealth+)))
You have tentacles for arms and can constrict up to eight enemies at once.


Message History

Unknown command.
Unknown command.
Casting: Stone Arrow (safe; 1% risk of failure)
Confirm with . or Enter, or press ? or * to list all spells.
Aiming: Stone Arrow (safe; 1% risk of failure)
Press: ? - help, Shift-Dir - straight line, f/p - komodo dragon
Aim: a komodo dragon (heavily wounded, 81% to hit)
The stone arrow hits the komodo dragon!!
The komodo dragon is severely wounded.
Unknown command.
Unknown command.
Casting: Stone Arrow (safe; 1% risk of failure)
Confirm with . or Enter, or press ? or * to list all spells.
Aiming: Stone Arrow (safe; 1% risk of failure)
Press: ? - help, Shift-Dir - straight line, f/p - komodo dragon
Aim: a komodo dragon (severely wounded, 81% to hit)
The stone arrow misses the komodo dragon.
Unknown command.
Unknown command.
Casting: Stone Arrow (safe; 1% risk of failure)
Confirm with . or Enter, or press ? or * to list all spells.
You don't have enough magic to cast this spell.
Unknown command.
Unknown command.
Unknown command.
You barely miss the komodo dragon.
The komodo dragon is severely wounded.
A wight comes into view. It is wielding a +3 scimitar.
The komodo dragon bites you!
Unknown command.
You hit the komodo dragon.
The komodo dragon is almost dead.
The komodo dragon bites you!!
Ouch! That really hurt!
* * * LOW HITPOINT WARNING * * *
Unknown command.
You hit the komodo dragon.
The komodo dragon is almost dead.
The komodo dragon bites you!
You die...

#..## ##..PPl.PP#......... ....##
#..>...... .....# ########
#......... ...#..###......#
#......... ...##....#.....#
#......... ....####....#..###
####...)..... .................#
##............
####..#.......######.............
# #...........@...............# #
#####......l...............# #
##z.....#..##..........# #
#........#.###.........## #
#...###......# ####..###.# #.##
####..## ##.# .# #. #..# ..# #
#.)# .# .)l.


You could see a komodo dragon and a wight.

Vanquished Creatures
  A hornet (D:8)
  Sigmund (D:5)
  2 steam dragons
  An acid dragon (D:4)
  A black bear (D:5)
  2 ice beasts (D:6)
  2 sky beasts
  An ogre (D:6)
  3 centaurs
  2 kobold brigands (D:8)
  A phantom (D:4)
  A bullfrog (D:6)
  A gnoll sergeant (D:7)
  5 scorpions
  4 howler monkeys
  2 jellies (D:5)
  A hound (D:6)
  4 orc priests
  3 iguanas (D:5)
  A gnoll bouda (D:5)
  Natasha (thrice) (D:3)
  5 orc wizards
  Robin (D:2)
  8 gnolls
  8 adders
  2 white imps
  An ufetubus (D:6)
  3 worms
  4 dart slugs
  23 orcs
  4 endoplasms
  2 giant cockroaches
  12 goblins
  14 hobgoblins
  A jackal (D:5)
  12 kobolds
  5 quokkas
  12 ball pythons
  3 bats
  4 frilled lizards
  6 rats
172 creatures vanquished.

Vanquished Creatures (others)
  3 fulminant prisms (D:8)
3 creatures vanquished.

Grand Total: 175 creatures vanquished

Notes
Turn   | Place    | Note
-------+----------+-------------------------------------------
     0 | D:1      | Vomitron the Octopode Conjurer began the quest for the Orb.
     0 | D:1      | Reached XP level 1. HP: 11/11 MP: 3/3
   488 | D:1      | Reached XP level 2. HP: 17/17 MP: 1/5
  1276 | D:2      | Reached XP level 3. HP: 21/21 MP: 2/6
  1436 | D:2      | Learned a level 2 spell: Searing Ray
  1873 | D:2      | Noticed Robin
  1888 | D:2      | Killed Robin
  1889 | D:2      | Reached XP level 4. HP: 7/27 MP: 1/7
  2322 | D:3      | Found a faded altar of an unknown god.
  2360 | D:3      | Noticed Natasha
  2365 | D:3      | Killed Natasha
  2366 | D:3      | Reached skill level 5 in Conjurations
  2379 | D:3      | Noticed Natasha
  2382 | D:3      | Killed Natasha
  2383 | D:3      | Reached XP level 5. HP: 31/31 MP: 2/9
  2449 | D:3      | Noticed Natasha
  2452 | D:3      | Killed Natasha
  2462 | D:3      | Learned a level 2 spell: Blink
  2467 | D:3      | Learned a level 4 spell: Fulminant Prism
  2641 | D:3      | Reached skill level 1 in Hexes
  2641 | D:3      | Reached XP level 6. HP: 24/36 MP: 1/10
  3086 | D:3      | Reached skill level 5 in Stealth
  3129 | D:3      | Identified the +1 pair of gloves of Vos Aroce {MP-9 Int+6
                  | SInv}
  3608 | D:4      | Identified a scroll of acquirement
  3608 | D:4      | Acquired the Secrets of Wanderlust and Battling
  3614 | D:4      | Learned a level 3 spell: Stone Arrow
  3789 | D:4      | Noticed an acid dragon
  3795 | D:4      | Killed an acid dragon
  3796 | D:4      | Reached XP level 7. HP: 19/41 MP: 8/12
  3809 | D:4      | Reached skill level 1 in Earth Magic
  4188 | D:5      | Entered Level 5 of the Dungeon
  4298 | D:5      | Noticed Sigmund
  4301 | D:5      | Killed Sigmund
  4302 | D:5      | Reached XP level 8. HP: 46/46 MP: 7/14
  5554 | D:5      | Found a hazy altar of Hepliaklqana.
  5555 | D:5      | Found a stormy altar of Qazlal.
  5724 | D:5      | Found Mogoidar's Jewellery Emporium.
  5750 | D:6      | Reached skill level 5 in Spellcasting
  5754 | D:6      | Reached XP level 9. HP: 51/51 MP: 2/16
  6114 | D:6      | Got the Compilation of Shifting Convocation
  6318 | D:6      | Found a staircase to the Ecumenical Temple.
  6324 | Temple   | Entered the Ecumenical Temple
  6362 | Temple   | Became a worshipper of Dithmenos the Shadowed
  6560 | D:6      | Learned a level 1 spell: Shock
  6851 | D:7      | Found Igooqigg's Antique Weapon Boutique.
  6865 | D:6      | Learned a level 4 spell: Iskenderun's Mystic Blast
  7238 | D:7      | Found Qokhlafoa's Book Boutique.
  7460 | D:7      | Found Duabb's Distillery.
  7524 | D:7      | Reached skill level 1 in Translocations
  7950 | D:7      | Found Jylickou's Magic Scroll Shoppe.
  7997 | D:8      | Reached skill level 5 in Hexes
  8279 | D:8      | Noticed a komodo dragon
  8477 | D:8      | Noticed a hornet
  8493 | D:8      | Killed a hornet
  8494 | D:8      | Reached skill level 5 in Earth Magic
  8587 | D:8      | Reached * piety under Dithmenos
  8669 | D:8      | Mangled by a komodo dragon

Illustrated notes

Levels and vault maps discovered:
D:1:      dpeg_arrival_line_fractal, layout_loops_corners, minivault_4,
          minmay_misc_feat_room, roderic_roman_lattice
D:2:      layout_basic, uniq_robin
D:3:      layout_loops_ring, chequers_ecumenical_altar_simple_redux,
          kennysheep_generic_room_8, uniq_natasha
D:4:      layout_rooms
D:5:      layout_cave_pools, gammafunk_temple_overflow_statue, serial_shops,
          nicolae_shop_back_alley_shop, minmay_fractal_squares_diagonal_5,
          uniq_sigmund
D:6:      layout_basic, minmay_temple_entry_butterflies,
          nicolae_elevator_lobby_asterisk
D:7:      layout_cave_pools, serial_shops, shop, shop, shop,
          nicolae_shop_rolled_up, nicolae_eternal_life
D:8:      layout_rooms, david_lair_shrubbed, serial_curves, eino_curves_04,
          eino_curves_02
Temple:   nicolae_temple_bog_church

Skill      XL: |  1  2  3  4  5  6  7  8  9 |
---------------+----------------------------+-----
Stealth        | 3 4 5 6 7 8 |  8.3
Conjurations   | 5 6 7 8 |  8.0
Spellcasting   | 3 4 5 6 |  6.0
Hexes          | 1 2 4 5 |  5.3
Earth Magic    | 2 3 5 |  5.1
Translocations | 2 |  2.4
Dodging        | |  2.0

Action                     |  1- 3 |  4- 6 |  7- 9 || total
---------------------------+-------+-------+-------++-------
  Melee: Dagger            |    18 |    21 |    43 ||    82
         Tentacles         |     8 |     4 |     6 ||    18
         Constrict         |     8 |     4 |     8 ||    20
         Punch             |       |     1 |       ||     1
   Cast: Magic Dart        |    66 |    79 |    76 ||   221
         Searing Ray       |     1 |     4 |    10 ||    15
         Stone Arrow       |       |     1 |    67 ||    68
         Fulminant Prism   |       |       |     3 ||     3
         Blink             |       |       |     1 ||     1
         Shock             |       |       |     1 ||     1
    Use: Scroll            |       |     8 |     4 ||    12
   Stab: Distracted        |       |     1 |       ||     1
         Sleeping          |       |       |     5 ||     5
 Armour: Skin              |     2 |     2 |     4 ||     8
  Dodge: Dodged            |     6 |    11 |    59 ||    76
  Block: Buckler           |       |       |     1 ||     1

Table legend: (Time is in decaauts)
 A = Elapsed time spent in this place.
 B = Non-inter-level travel time spent in this place.
 C = Inter-level travel time spent in this place.
 D = Time resting spent in this place.
 E = Time spent auto-exploring this place.
 F = Levels seen in this place.
 G = Mean time per level.
                   A        B        C        D        E       F      G
               +--------+--------+--------+--------+--------+-----+--------+
         Total |   8673 |   8342 |    331 |   1744 |   5432 |   9 |  963.7 |
       Dungeon |   8626 |   8299 |    327 |   1744 |   5432 |   8 | 1078.2 |
        Temple |     46 |     42 |      4 |      0 |      0 |   1 |   46.0 |
               +--------+--------+--------+--------+--------+-----+--------+

Top non-repeatable levels by time:
     D:5: 1428 daAuts
     D:3: 1320 daAuts
     D:6: 1233 daAuts
     D:1: 1174 daAuts
     D:2: 1090 daAuts
     D:7: 1016 daAuts
     D:4: 786 daAuts
     D:8: 577 daAuts
  Temple: 46 daAuts
